 Dungeon Crawl Stone Soup version 0.23.2-40-g277498a001 (webtiles) character file.

Game seed: 14434205022879716248

19 Descartes the Scratcher (level 2, -2/12 HPs)
             Began as a Felid Wanderer on Oct 12, 2019.
             Slain by a kobold (4 damage)
             ... on level 1 of the Dungeon.
             The game lasted 00:01:28 (767 turns).

Descartes the Scratcher (Felid Wanderer)             Turns: 767, Time: 00:01:29

Health: -2/12      AC:  1    Str:  9    XL:     2   Next: 55%
Magic:  3/3        EV: 16    Int: 14    God:
Gold:   60         SH:  0    Dex: 13    Spells: 1/1 levels left
                                        Lives:  0   Deaths: 0

rFire    . . .     SeeInvis +     - Unarmed
rCold    . . .     Gourm    .   (shield unavailable)
rNeg     . . .     Faith    .   (armour unavailable)
rPois    .         Spirit   .   (helmet unavailable)
rElec    .         Reflect  .   (cloak unavailable)
rCorr    .         Harm     .   (gloves unavailable)
MR       .....                  (boots unavailable)
Stlth    ++........             (no amulet)
HPRegen  0.04/turn              (no ring)
MPRegen  0.08/turn              (no ring)

@: quick
A: very small, no armour, no weapons or thrown items, stealth, claws 1, fangs 3,
see invisible, carnivore, speed 1, shaggy fur 1, slow metabolism 1, sharp paws
a: no special abilities


You were on level 1 of the Dungeon.
You were completely stuffed.

You visited 1 branch of the dungeon, and saw 1 of its levels.

You collected 60 gold pieces.

Inventory:

Missiles
 e - 43 stones
Jewellery
 h - an uncursed amulet of guardian spirit {unknown}
 k - an uncursed ring of protection from fire {unknown}
Scrolls
 c - 2 scrolls of teleportation
 g - 3 scrolls of blinking {unknown}
 j - a scroll of amnesia {unknown}
Potions
 a - a potion of heal wounds
 b - 3 potions of haste
 d - a potion of curing
 l - 2 potions of magic {unknown}
Comestibles
 f - 2 rations
 i - 5 chunks of flesh


   Skills:
 + Level 1.2 Fighting
 * Level 1.3 Dodging
 * Level 2.4 Stealth
 * Level 4.2 Unarmed Combat
   Level 3.0 Translocations
   Level 1.1 Transmutations
   Level 1.1 Evocations


You had one spell level left.
You didn't know any spells.
Your spell library was empty.

Dungeon Overview and Level Annotations

Branches:
Dungeon (1/15)

Altars:


Innate Abilities, Weirdness & Mutations

You cannot wear armour.
You are incapable of wielding weapons or throwing items.
Your paws allow you to move quietly. (Stealth)
You have sharp claws.
You have razor-sharp teeth.
You have supernaturally acute eyesight. (SInv)
You are carnivorous and can eat meat at any time.
You cover ground quickly.
You are covered in fur. (AC +1)
You have a slow metabolism.
Your sharp claws are effective at attacking unaware monsters.


Message History

You butcher the frilled lizard corpse.
i - 5 chunks of flesh (gained 1)
You see here a frilled lizard skeleton.
A kobold and a dart slug come into view.
The kobold shouts!
The dart slug launches a dart at you. The slug dart hits you.
You scratch the dart slug but do no damage.
The dart slug closely misses you.
You claw the dart slug!
The dart slug is severely wounded.
The dart slug misses you.
You scratch the dart slug.
You kill the dart slug!
Unknown command.
You barely miss the kobold. The kobold hits you.
You closely miss the kobold. The kobold hits you.
* * * LOW HITPOINT WARNING * * *
You barely miss the kobold. The kobold hits you.
You die...

### #.. #.# ############ #K#
)..........# #@# ....######.# #.#
....# #.# #.# ####g .#
....######.# #.# .... ..#
........##.# #.# ... ..#
...####รท##.#####.# .. ..#
.................# #. #.#
.##.[....#.......#######.##.#
.##......#######............#####


You could see a kobold.

Vanquished Creatures
  A dart slug (D:1)
  2 leopard geckos (D:1)
  3 goblins (D:1)
  4 hobgoblins (D:1)
  A kobold (D:1)
  A bat (D:1)
  2 frilled lizards (D:1)
14 creatures vanquished.

Notes
Turn   | Place    | Note
-------+----------+-------------------------------------------
     0 | D:1      | Descartes the Felid Wanderer began the quest for the Orb.
     0 | D:1      | Descartes set off with the following items: a potion of
                  | heal wounds, a potion of haste, a scroll of teleportation,
                  | a potion of curing, a ration
     0 | D:1      | Reached XP level 1. HP: 9/9 MP: 2/2
   136 | D:1      | Reached skill level 1 in Dodging
   168 | D:1      | Reached XP level 2. HP: 12/12 MP: 3/3
   767 | D:1      | Slain by a kobold

Skill      XL: |  1 |
---------------+----+-----
Dodging        | 1 |  1.3
Stealth        | 2 |  2.4
Fighting       | |  1.2
Unarmed Combat | |  4.2
Translocations | |  3.0
Transmutations | |  1.1
Evocations     | |  1.1

Action                   || total
-------------------------++-------
Melee: Unarmed           ||    31
       Bite              ||     1
 Stab: Sleeping          ||     6
  Eat: Chunk             ||     7
Armor: Skin              ||     1
Dodge: Dodged            ||    15
